 Dungeon Crawl Stone Soup version 0.22-b1-26-g9dbaab1 (webtiles) character file.

8215 Gergoth the Thaumaturge (level 11, -2/54 HPs)
             Began as a Deep Elf Fire Elementalist on Aug 8, 2018.
             Was a High Priest of Sif Muna.
             Killed from afar by Erolcha (21 damage)
             ... with a bolt of cold
             ... on level 1 of the Orcish Mines.
             The game lasted 00:26:53 (10596 turns).

Gergoth the Thaumaturge (DEFE)                     Turns: 10596, Time: 00:26:54

Health: -2/54      AC:  7    Str:  8    XL:     11   Next: 7%
Magic:  1/29       EV: 13    Int: 21    God:    Sif Muna [*****.]
Gold:   476        SH:  3    Dex: 15    Spells: 4/35 levels left

rFire    . . .     SeeInvis +   t - +1 hand axe (elec)
rCold    . . .     Gourm    .   (no shield)
rNeg     . . .     Faith    .   C - +0 robe (curse)
rPois    .         Spirit   .   (no helmet)
rElec    .         Reflect  +   j - +1 cloak
rCorr    .         Harm     .   e - +2 pair of gloves
MR       ++...                  (no boots)
Stlth    ++........             w - +3 amulet of reflection
HPRegen  0.18/turn              h - ring of see invisible
MPRegen  0.21/turn              x - ring of protection from magic

@: divine energy
A: no striking features
a: Stop Divine Energy, Channel Magic, Forget Spell, Renounce Religion


You were on level 1 of the Orcish Mines.
You worshipped Sif Muna.
Sif Muna was extremely pleased with you.
You were not hungry.

You visited 3 branches of the dungeon, and saw 11 of its levels.

You collected 476 gold pieces.

Inventory:

Hand Weapons
 t - a +1 hand axe of electrocution (weapon)
 z - a +0 long sword
Missiles
 g - 3 throwing nets (quivered)
Armour
 a - a +0 robe
 e - a +2 pair of gloves (worn)
 j - a +1 cloak (worn)
 C - a cursed +0 robe (worn)
Jewellery
 h - a ring of see invisible (left hand)
 k - an uncursed ring of resist corrosion
 w - a +3 amulet of reflection (around neck)
 x - a ring of protection from magic (right hand)
 E - an uncursed ring of ice
Wands
 s - a wand of random effects (64)
 G - a wand of iceblast (6)
 H - a wand of disintegration (13)
Scrolls
 l - 5 scrolls of teleportation
 n - a scroll of identify
 o - a scroll of immolation
 q - a scroll of amnesia
 y - a scroll of summoning {unknown}
 B - 2 scrolls of remove curse
 F - a scroll of silence {unknown}
Potions
 b - a potion of cancellation
 d - 2 potions of brilliance
 f - 2 potions of agility {unknown}
 i - 6 potions of might
 m - 2 potions of invisibility
 p - 4 potions of curing
 r - 2 potions of heal wounds {unknown}
 u - 3 potions of berserk rage {unknown}
 v - 2 potions of mutation {unknown}
 A - 2 potions of flight {unknown}
 D - 2 potions of degeneration {unknown}
Comestibles
 c - 20 rations


   Skills:
 - Level 2.4 Dodging
 - Level 2.4 Stealth
 + Level 12.9 Spellcasting
 + Level 10.8 Conjurations
 + Level 11.2 Fire Magic


You had 4 spell levels left.
You knew the following spells:

 Your Spells              Type           Power        Failure   Level  Hunger
a - Flame Tongue          Conj/Fire      #####        1%          1    None
b - Conjure Flame         Conj/Fire      ######..     1%          3    None
c - Sticky Flame          Conj/Fire      ######..     1%          4    None
d - Fireball              Conj/Fire      ######....   1%          5    ####...
e - Throw Icicle          Conj/Ice       #####...     5%          4    None
f - Bolt of Cold          Conj/Ice       #####.....   63%         6    #####..
g - Disjunction           Tloc           ##........   100%        8    #######

Your spell library contained the following spells:

 Spells                   Type           Power        Failure   Level  Hunger
 Magic Dart               Conj           ####         1%          1    None
 Throw Flame              Conj/Fire      ######       1%          2    None
 Throw Frost              Conj/Ice       #####.       1%          2    None
 Lehudib's Crystal Spear  Conj/Erth      #####.....   100%        8    #######
 Iskenderun's Mystic Bla  Conj           ######..     1%          4    None
 Freeze                   Ice            ##..         4%          1    None
 Summon Ice Beast         Ice/Summ       ##......     43%         4    None
 Ozocubu's Armour         Chrm/Ice       ##......     14%         3    None
 Inner Flame              Hex/Fire       #####...     1%          3    None
 Searing Ray              Conj           ######       1%          2    None


Dungeon Overview and Level Annotations

Branches:
Dungeon (9/15)             Temple (1/1) D:4             Orc (1/2) D:9
   Lair: D:8-11

Altars:
Ashenzari
Cheibriados
Dithmenos
Elyvilon
Fedhas
Gozag
Hepliaklqana
Kikubaaqudgha
Makhleb
Nemelex Xobeh
Okawaru
Qazlal
Ru
Sif Muna
Trog
Uskayaw
Vehumet
Wu Jian
Xom
Yredelemnul
Zin
The Shining One

Shops:
D:6 %

Annotations:
D:7 3 runed doors, Setanta's ghost, novice GnFi
D:9 3 transporters, Ymberto's ghost, journeyman DEFE
Orc:1 Erolcha


Message History

Erolcha roars.
Erolcha hits you with a giant club!
Casting: Sticky Flame (safe; 1% risk of failure)
Confirm with . or Enter, or press ? or * to list all spells.
Aiming: Fireball (safe; 1% risk of failure)
Press: ? - help, Shift-Dir - straight line, p - Erolcha The fireball explodes!
The fireball engulfs Erolcha.
Erolcha resists.
Erolcha is almost dead.
You hear a shout!
Erolcha burns!
Erolcha gestures at you while chanting. You resist with almost no effort.
Erolcha hits you with a giant club!!
An orc knight comes into view. It is wielding a battleaxe.
Erolcha burns!
Erolcha gestures at you while chanting. The crystal spear misses you.
Erolcha burns!
Erolcha casts a spell at you. The bolt of cold hits you!
You die...

... ####
##..#
##..##..$.#.
#.........o.
##<....#....
##.#.....o)..
#..@...)oo.).
##.#..Oo.....
####.##.#..
#.# # ...
##..# ....
#.... ###..


You could see Erolcha (burning), 2 orc warriors, an orc wizard and an orc.

Vanquished Creatures
  3 two-headed ogres
  Joseph (D:9)
  A troll (D:9)
  A hippogriff (D:9)
  4 hungry ghosts
  9 orc warriors
  An ice beast (D:9)
  4 sky beasts
  8 ogres
  2 phantoms
  A necrophage (D:9)
  A centaur (D:8)
  2 crocodiles (D:9)
  A bullfrog (D:6)
  5 big kobolds
  2 scorpions
  4 killer bees (D:9)
  6 wights (D:9)
  7 howler monkeys
  2 bullfrog zombies
  A jelly (D:7)
  4 crimson imps
  7 hounds
  A gnoll shaman (D:4)
  7 orc priests
  7 orc wizards
  2 bullfrog skeletons
  2 iguanas
  3 worker ants
  A killer bee zombie (D:8)
  A hound zombie (D:7)
  A hound skeleton (D:4)
  10 gnolls
  8 adders
  4 shadow imps
  An ooze (D:6)
  5 worms
  A dart slug (D:2)
  5 leopard geckos
  54 orcs
  5 bats
  A giant cockroach (D:8)
  4 goblins
  2 hobgoblins (D:2)
  5 jackals
  14 kobolds
  3 quokkas
  2 ball pythons (D:2)
  3 frilled lizards
  A jackal skeleton (D:5)
  2 quokka skeletons
  11 rats
243 creatures vanquished.

Notes
Turn   | Place    | Note
-------+----------+-------------------------------------------
     0 | D:1      | Gergoth the Deep Elf Fire Elementalist began the quest for the Orb.
     0 | D:1      | Reached XP level 1. HP: 10/10 MP: 6/6
   478 | D:1      | Reached XP level 2. HP: 15/15 MP: 6/8
  1248 | D:2      | Reached XP level 3. HP: 12/19 MP: 2/10
  1357 | D:2      | Found a burning altar of Makhleb.
  1443 | D:2      | Reached skill level 4 in Spellcasting
  1454 | D:2      | Reached XP level 4. HP: 21/24 MP: 4/12
  1616 | D:2      | Learned a level 3 spell: Conjure Flame
  1621 | D:2      | Learned a level 4 spell: Sticky Flame
  1682 | D:2      | Found a bloodstained altar of Trog.
  2146 | D:2      | Found a shimmering altar of Xom.
  2470 | D:3      | Reached XP level 5. HP: 28/28 MP: 10/14
  2481 | D:3      | Learned a level 5 spell: Fireball
  2614 | D:3      | Found a stormy altar of Qazlal.
  2616 | D:3      | Noticed an air elemental
  2617 | D:3      | Noticed a water elemental
  2617 | D:3      | Noticed a fire elemental
  2873 | D:3      | Reached skill level 5 in Spellcasting
  2885 | D:3      | Reached skill level 5 in Fire Magic
  2885 | D:3      | Reached XP level 6. HP: 18/32 MP: 3/16
  3381 | D:4      | Found a staircase to the Ecumenical Temple.
  3387 | Temple   | Entered the Ecumenical Temple
  3415 | Temple   | Became a worshipper of Sif Muna the Loreminder
  3586 | D:4      | Reached skill level 6 in Spellcasting
  3796 | D:4      | Reached XP level 7. HP: 36/36 MP: 9/18
  4069 | D:5      | Entered Level 5 of the Dungeon
  4081 | D:5      | Reached * piety under Sif Muna
  4081 | D:5      | Reached skill level 5 in Conjurations
  4344 | D:5      | Reached skill level 7 in Spellcasting
  4818 | D:6      | Found an iron altar of Okawaru.
  4913 | D:6      | Found Faces's Food Shoppe.
  5140 | D:6      | Reached XP level 8. HP: 41/41 MP: 9/21
  5356 | D:6      | Reached skill level 8 in Spellcasting
  5377 | D:6      | Reached ** piety under Sif Muna
  5713 | D:7      | Noticed a two-headed ogre
  5766 | D:7      | Killed a two-headed ogre
  5766 | D:7      | Reached skill level 9 in Spellcasting
  5766 | D:7      | Reached XP level 9. HP: 15/45 MP: 13/24
  6402 | D:7      | Reached *** piety under Sif Muna
  6472 | D:7      | Found a shadowy altar of Dithmenos.
  6472 | D:7      | Found a basalt altar of Yredelemnul.
  6478 | D:7      | Reached skill level 10 in Spellcasting
  6479 | D:7      | Found a sparkling altar of Nemelex Xobeh.
  6482 | D:7      | Found a blossoming altar of Fedhas.
  6484 | D:7      | Found a faded altar of an unknown god.
  6728 | D:7      | Found a runed gate.
  6728 | D:7      | Found a runed gate.
  6728 | D:7      | Found a runed gate.
  6728 | D:7      | Noticed Setanta's ghost (novice GnFi)
  7505 | D:8      | Reached **** piety under Sif Muna
  7842 | D:8      | Reached skill level 11 in Spellcasting
  8088 | D:8      | Reached XP level 10. HP: 50/50 MP: 13/27
  8159 | D:9      | Noticed a two-headed ogre
  8220 | D:9      | Killed a two-headed ogre
  8220 | D:9      | Reached skill level 10 in Fire Magic
  8560 | D:9      | Noticed a two-headed ogre
  8560 | D:9      | Noticed Ymberto's ghost (journeyman DEFE)
  8562 | D:9      | Found a transporter.
  8564 | D:9      | Noticed a two-headed ogre
  8568 | D:9      | Found a transporter.
  8686 | D:9      | Noticed a two-headed ogre
  8697 | D:9      | Killed a two-headed ogre
  8697 | D:9      | Reached ***** piety under Sif Muna
  8697 | D:9      | Reached skill level 12 in Spellcasting
  8697 | D:9      | Reached skill level 10 in Conjurations
  8920 | D:9      | Learned a level 4 spell: Throw Icicle
  9000 | D:9      | Identified Sif Muna's Almanac of Excruciating Translocation (Sif Muna gifted it to you on level 9 of the Dungeon)
  9000 | D:9      | Received a gift from Sif Muna
  9352 | D:9      | Found a radiant altar of Vehumet.
  9449 | D:9      | Noticed Joseph
  9510 | D:9      | Found a staircase to the Orcish Mines.
  9523 | D:9      | Reached XP level 11. HP: 32/54 MP: 12/29
  9931 | D:9      | Killed Joseph
 10088 | D:9      | Found a sparkling altar of Nemelex Xobeh.
 10088 | D:9      | Noticed a deep elf archer
 10091 | D:9      | Found a transporter.
 10260 | D:9      | Learned a level 6 spell: Bolt of Cold
 10269 | D:9      | Learned a level 8 spell: Disjunction
 10582 | Orc:1    | Entered Level 1 of the Orcish Mines
 10587 | Orc:1    | Noticed Erolcha
 10594 | Orc:1    | Noticed an orc knight
 10596 | Orc:1    | Killed from afar by Erolcha

Skill      XL: |  1  2  3  4  5  6  7  8  9 10 |
---------------+-------------------------------+-----
Conjurations   | 2 3 4 6 7 9 10 | 10.8
Spellcasting   | 4 5 6 7 9 11 12 | 12.9
Fire Magic     | 4 5 6 8 9 11 | 11.2
Dodging        | |  2.4
Stealth        | |  2.4

Action                   |  1- 3 |  4- 6 |  7- 9 | 10-12 || total
-------------------------+-------+-------+-------+-------++-------
Melee: Unarmed           |     1 |     4 |       |       ||     5
       Hand axe          |       |     7 |    93 |    20 ||   120
 Cast: Flame Tongue      |    47 |   121 |   215 |    68 ||   451
       Sticky Flame      |       |     4 |    17 |    11 ||    32
       Conjure Flame     |       |       |    10 |     8 ||    18
       Fireball          |       |       |     2 |    37 ||    39
       Throw Icicle      |       |       |       |     2 ||     2
Invok: Divine Energy     |       |       |     1 |       ||     1
  Use: Scroll            |       |       |     7 |     5 ||    12
 Stab: Sleeping          |       |     2 |     4 |       ||     6
  Eat: Chunk             |     1 |     8 |    14 |     9 ||    32
       Ration            |       |       |       |     2 ||     2
Armor: Robe              |     4 |     4 |    38 |    11 ||    57
Dodge: Dodged            |    24 |    37 |    97 |    27 ||   185
Block: Other             |       |       |    16 |     4 ||    20
       Reflection        |       |       |       |     1 ||     1
